Map: Persephone LE

Players

Sindyr

  • Race: Zerg Zerg
  • League: Master
  • Spawn Location: 7:00

Ujci - Winner!

  • Race: Protoss Protoss
  • League: Gold
  • Spawn Location: 11:00

VOD

Have the link to the VOD?

Description

Time

  • Played on: Oct. 20, 2025, 11:09 a.m.
  • Length: 16:17
Show
View Real Time Build Order
Export as new Build Order

Sindyr Zerg 

Build Orders: Hatch First 

Get SALT Encoding   

  12  0:02  Drone  
  13  0:22  Drone  
  13  0:25  Extractor  
  13  0:26  Drone  
  14  0:40  Overlord x2  
  14  1:06  Hatchery  
  13  1:12  Spawning Pool  
  13  1:18  Drone  
  13  1:19  Drone  
  13  1:24  Drone  
  15  1:33  Drone  
  16  1:41  Drone  
  17  2:00  Queen  
  19  2:05  Zergling x2  
  19  2:06  Zergling x2  
  21  2:17  Queen  
  21  2:20  Drone x2  
  25  2:28  Drone  
  26  2:40  Lair  
  26  2:45  Drone x2  
  26  2:48  Drone  
  29  2:51  Drone  
  30  3:10  Hatchery  
  29  3:16  Drone  
  29  3:17  Drone x2  
  33  3:20  Drone  
  33  3:29  Queen  
  35  3:37  Overlord  
  35  3:46  Roach Warren, Evolution Chamber  
  33  3:49  Drone, Extractor  
  33  3:51  Drone  
  33  3:54  Drone  
  35  3:56  Drone  
  35  3:58  Drone  
  35  4:00  Drone  
  38  4:11  Overseer  
  38  4:22  Zerg Missile Weapons Level 1  
  38  4:25  Queen  
  38  4:28  Drone x6  
  46  4:32  Drone  
  46  4:36  Overlord  
  47  4:52  Drone x3, Hydralisk Den  
  49  4:58  Overlord  
  49  5:00  Drone x4  
  49  5:01  Drone  
  49  5:02  Drone  
  49  5:05  Drone  
  56  5:16  Drone  
  56  5:17  Extractor  
  56  5:34  Hydralisk x2  
  56  5:35  Hydralisk x3  
  66  5:41  Spore Crawler  
  65  5:49  Overlord x3  
  65  5:56  Overlord  
  65  6:02  Muscular Augments  
  65  6:03  Evolution Chamber  
  64  6:07  Glial Reconstitution  
  65  6:18  Drone x4  
  65  6:19  Drone x2, Extractor  
  65  6:21  Zerg Missile Weapons Level 2  
  69  6:32  Hydralisk  
  69  6:33  Hydralisk x2  
  69  6:34  Roach  
  69  6:37  Spore Crawler, Roach  
  78  6:54  Zerg Ground Armor Level 1  
  78  6:58  Drone x4  
  78  6:59  Drone x9, Hatchery  
  90  7:01  Overlord x2  
  90  7:02  Overlord  
  90  7:06  Grooved Spines  
  90  7:17  Extractor  
  90  7:19  Extractor  
  88  7:22  Infestation Pit  
  88  7:28  Drone  
  88  7:29  Drone x2  
  90  7:43  Pneumatized Carapace  
  90  7:46  Queen  
  90  7:48  Overseer  
  92  8:00  Hive  
  92  8:10  Spore Crawler  
  91  8:13  Spine Crawler  
  91  8:16  Queen  
  91  8:17  Spine Crawler  
  91  8:18  Drone  
  91  8:19  Drone x14  
  106  8:20  Drone x4  
  106  8:21  Drone x2, Overlord x2  
  106  8:22  Overlord x3  
  112  8:56  Extractor  
  112  8:57  Extractor  
  110  9:12  Zerg Ground Armor Level 2, Zerg Missile Weapons Level 3  
  110  9:15  Overseer x2  
  110  9:16  Overlord  
  110  9:17  Overlord  
  110  9:30  Drone x2  
  112  9:47  Spire  
  112  9:48  Hatchery  
  112  9:50  Burrow  
  110  9:57  Spore Crawler x2  
  108  11:03  Overlord x4  
  108  11:35  Unknown  
  108  11:39  Zerg Ground Armor Level 3  
  108  11:47  Zerg Flyer Weapons Level 1  
  108  11:49  Zerg Melee Weapons Level 1  
  108  12:14  Lurker Den  
  107  12:16  Hatchery  
  106  13:34  Hydralisk x8  
  106  13:35  Hydralisk x10  
  106  13:36  Hydralisk x6  
  106  13:37  Hydralisk x5  
  106  13:40  Overseer  
  164  13:47  Adaptive Talons  
  164  14:22  Corruptor  
  164  14:23  Hydralisk x2  
  164  14:24  Hydralisk, Corruptor  
  168  14:25  Hydralisk x6  
  168  14:26  Hydralisk x7  
  200  14:44  Seismic Spines  
  136  15:08  Roach x17  
  136  15:09  Zergling x2, Roach x2, Mutalisk x5  
  136  15:10  Mutalisk x6, Roach x5  
  136  15:11  Mutalisk, Roach x4, Zergling x2  
  136  15:12  Zergling x32  
  172  15:41  Roach  
  172  15:42  Roach x17  
  168  15:47  Zergling x6  
  139  15:52  Zergling x2  
Show
View Real Time Build Order
Export as new Build Order

Ujci Protoss - Winner!

Build Orders: Zealot Archon 

Get SALT Encoding   

  12  0:00  Probe  
  13  0:12  Probe  
  14  0:20  Pylon  
  14  0:24  Probe  
  14  0:28  Assimilator  
  15  0:38  Probe  
  16  0:47  Probe  
  16  0:48  Gateway  
  16  0:55  Probe  
  17  0:59  Pylon  
  18  1:05  Probe  
  19  1:22  Probe  
  20  1:31  Assimilator  
  20  1:37  Cybernetics Core  
  20  1:41  Probe  
  21  1:53  Probe  
  22  1:59  Nexus  
  22  2:02  Probe  
  23  2:10  Probe  
  23  2:13  Warp Gate  
  24  2:20  Probe  
  24  2:24  Gateway  
  25  2:40  Gateway  
  25  2:41  Probe  
  26  2:49  Probe  
  26  2:53  Pylon  
  26  2:54  Stalker  
  26  2:58  Probe  
  30  3:12  Shield Battery  
  30  3:14  Probe  
  30  3:15  Probe  
  32  3:27  Twilight Council  
  32  3:28  Zealot  
  34  3:34  Probe  
  34  3:35  Forge  
  34  3:38  Probe  
  36  3:42  Probe  
  36  3:48  Probe  
  37  3:50  Probe  
  39  3:56  Probe  
  39  4:01  Assimilator  
  41  4:02  Probe  
  41  4:05  Probe  
  41  4:06  Assimilator, Protoss Ground Weapons Level 1  
  42  4:15  Probe  
  43  4:17  Probe  
  43  4:22  Templar Archives  
  44  4:26  Pylon, Charge  
  44  4:31  Gateway  
  44  4:32  Gateway  
  44  4:35  Pylon  
  44  4:48  Probe x2  
  44  4:50  Stalker  
  48  4:58  Pylon  
  48  5:00  Probe x2  
  48  5:05  High Templar x2  
  54  5:09  Archon  
  54  5:12  Probe, Psionic Storm  
  55  5:17  Pylon  
  55  5:23  Gateway  
  55  5:28  Gateway  
  55  5:37  Stalker x3  
  61  5:56  Pylon  
  61  5:58  Nexus  
  61  6:01  Protoss Ground Armor Level 1  
  61  6:02  Pylon  
  61  6:03  High Templar  
  61  6:04  High Templar  
  65  6:07  Blink, Archon  
  65  6:16  Probe  
  66  6:24  Photon Cannon  
  66  6:27  Zealot  
  66  6:28  Zealot x2  
  66  6:29  Zealot x2  
  76  6:35  Assimilator  
  76  6:42  Assimilator  
  76  6:46  Photon Cannon  
  76  6:56  High Templar x2  
  76  6:57  High Templar, Robotics Facility  
  76  7:00  Pylon  
  82  7:08  Probe x2  
  84  7:10  Probe  
  85  7:20  Probe x2  
  85  7:22  Probe  
  88  7:29  Stalker x4  
  96  7:32  Probe x2  
  96  7:33  Pylon  
  98  7:39  Pylon  
  98  7:43  Robotics Facility  
  98  7:46  Gateway  
  98  7:50  Photon Cannon  
  98  7:54  Observer  
  98  7:56  Photon Cannon  
  99  8:00  Probe x3  
  102  8:12  Probe x3, Observer  
  104  8:17  Shield Battery  
  104  8:19  Pylon  
  106  8:22  Photon Cannon  
  106  8:23  Photon Cannon  
  106  8:24  Probe  
  106  8:25  Probe x2  
  109  8:29  Stalker x2  
  109  8:30  Stalker  
  115  8:43  Pylon  
  115  8:47  Immortal  
  119  8:51  Protoss Ground Weapons Level 2  
  119  8:52  Immortal  
  123  9:03  Robotics Bay  
  123  9:10  Dark Shrine  
  123  9:14  Pylon  
  123  9:17  Gateway  
  123  9:20  Gateway  
  123  9:26  Pylon  
  123  9:32  Stalker  
  123  9:33  Stalker x3  
  131  9:39  Pylon  
  131  9:41  Nexus  
  131  9:44  Pylon  
  131  9:48  Probe  
  131  9:49  Probe x2  
  134  9:56  Gateway  
  134  9:59  Photon Cannon  
  134  10:00  Probe  
  134  10:01  Probe x2  
  137  10:07  Gateway  
  137  10:10  Gateway  
  137  10:12  Pylon, Probe  
  137  10:13  Probe x2  
  137  10:14  Photon Cannon  
  140  10:17  High Templar x5  
  140  10:18  High Templar  
  140  10:19  High Templar  
  140  10:21  High Templar  
  156  10:22  High Templar  
  156  10:23  High Templar  
  156  10:25  Archon x3  
  156  10:26  Archon  
  156  10:27  Archon  
  160  10:33  Pylon  
  160  10:35  Pylon  
  160  10:39  Assimilator  
  160  10:41  Colossus  
  166  10:43  Assimilator  
  166  10:46  Colossus  
  172  11:08  Pylon  
  172  11:11  Photon Cannon  
  172  11:14  Extended Thermal Lance  
  172  11:15  Stalker x4  
  172  11:16  Stalker  
  182  11:20  Protoss Ground Armor Level 2  
  182  11:31  Photon Cannon  
  182  11:35  Colossus  
  182  11:37  Pylon  
  188  11:41  Forge  
  188  11:55  Photon Cannon x2  
  188  11:57  Photon Cannon  
  188  11:58  Photon Cannon  
  188  12:01  Pylon  
  188  12:03  Shield Battery  
  188  12:06  Photon Cannon x2  
  188  12:09  Photon Cannon  
  188  12:13  Shield Battery  
  188  12:16  Pylon  
  188  12:53  Immortal  
  188  12:57  Colossus  
  198  13:05  Nexus  
  198  13:18  Protoss Ground Weapons Level 3, Gateway  
  198  13:23  Gateway  
  198  13:25  Gateway  
  198  13:26  Gateway  
  198  13:30  Gateway  
  198  13:32  Gateway  
  198  13:37  Gateway  
  198  13:38  Pylon  
  198  13:40  Photon Cannon  
  198  13:50  Pylon  
  198  14:00  Assimilator  
  198  14:04  Assimilator  
  198  14:05  Stalker  
  198  14:06  Photon Cannon  
  200  14:19  Shield Battery  
  200  14:21  Shield Battery  
  166  15:26  Stalker  
  166  15:27  Stalker x6  
  166  15:28  Stalker x3  
  184  15:30  Immortal x2  
Tags
 
Composition
Zealot Archon
Matchup
PvZ
Replay Pack
Multiplayer
Spawn Locations
Close Positions
Add a new tag
Caveats
  • Supply blocks, unpowered buildings, or Contaminate may cause inaccurate times.
  • Supply counts are checked every 10 seconds.